 Dungeon Crawl Stone Soup version 0.14-a0-3329-g86b2fc4 (webtiles) character file.

36192 Kae the Bludgeoner (level 13, -4/124 HPs)
             Began as a Minotaur Fighter on Mar 16, 2014.
             Was the Champion of Okawaru.
             Slain by a death yak (16 damage)
             ... on Level 7 of the Lair of Beasts.
             The game lasted 00:40:03 (22499 turns).

Kae the Bludgeoner (Minotaur Fighter)              Turns: 22499, Time: 00:40:03

HP  -4/124       AC 19     Str 29      XL: 13   Next: 45%
MP   3/5         EV  8     Int  7      God: Okawaru [******]
Gold 1161        SH  0     Dex 11      Spells:  0 memorised, 12 levels left

rFire  . . .     SeeInvis .     b - +1,+2 dire flail (drain)
rCold  . . .     Clarity  .     B - -1 plate armour (curse)
rNeg   . . .     Conserve +     (no shield)
rPois  .         rCorr    .     y - +1 hat
rElec  .         rRot     .     q - -1 cloak
SustAb . .       Spirit   .     (no gloves)
rMut   .         Warding  .     (no boots)
Saprov . . .     Stasis   .     d - amulet of conservation
MR     .....                    L - +1 ring of dexterity
                                (no ring)

@: invisible, mighty, very slightly contaminated, heroism, not resistant to
hostile enchantments, extremely unstealthy
A: retaliatory headbutt, horns 2
a: Heroism, Finesse, Renounce Religion


You were on level 7 of the Lair of Beasts.
You worshipped Okawaru.
Okawaru was exalted by your worship.
You were hungry.

You visited 3 branches of the dungeon, and saw 19 of its levels.
You also visited: Sewer.

You collected 1161 gold pieces.

Inventory:

Hand weapons
 a - a +1,+0 flail
 b - a +1,+2 dire flail of draining (weapon)
Missiles
 k - 19 tomahawks (quivered)
 Q - 4 tomahawks of returning
Armour
 e - a +2 ring mail of cold resistance
 q - a -1 cloak (worn)
 y - a +1 hat (worn)
 B - a cursed -1 plate armour (worn)
 P - a +2 pair of boots of flying
Magical devices
 i - a wand of heal wounds (4)
 p - a wand of lightning (0)
 w - a wand of flame (13)
 O - a wand of slowing (14)
 R - a wand of confusion (11) {unknown}
 S - a wand of enslavement (16) {unknown}
Comestibles
 h - 3 meat rations
 m - 7 apples
 r - 2 pears
 H - a bread ration
 J - 3 rotting chunks of crocodile flesh
Scrolls
 n - 6 scrolls of identify
 t - 5 scrolls of remove curse
 x - 4 scrolls of magic mapping
 E - 2 scrolls of fear
 K - a scroll of teleportation
Jewellery
 d - an amulet of conservation (around neck)
 f - an uncursed ring of sustain abilities
 g - an uncursed ring of positive energy
 s - an uncursed ring of protection from cold
 u - an uncursed ring of sustenance
 A - an uncursed ring of protection from cold
 L - a +1 ring of dexterity (right hand)
 M - an uncursed ring of protection from cold
Potions
 c - 2 potions of strong poison {unknown}
 l - 6 potions of curing
 v - a potion of poison {unknown}
 z - 2 potions of flight
 C - a potion of restore abilities
 F - a potion of resistance
 G - 2 potions of might
 I - 2 potions of haste
 N - 3 potions of berserk rage
 W - 3 potions of agility
 X - a potion of lignification
Books
 o - a book of Flames

   Spells                             Type                      Level
   Flame Tongue                       Conjuration/Fire             1
   Throw Flame                        Conjuration/Fire             2
   Conjure Flame                      Conjuration/Fire             3
   Inner Flame                        Hexes/Fire                   3
   Sticky Flame                       Conjuration/Fire             4
   Fireball                           Conjuration/Fire             5
 D - a book of Fire

   Spells                             Type                      Level
   Fire Brand                         Charms/Fire                  2
   Ignite Poison                      Fire/Transmutation           5
   Fireball                           Conjuration/Fire             5
   Bolt of Fire                       Conjuration/Fire             6
   Delayed Fireball                   Conjuration/Fire             7
   Ring of Flames                     Charms/Fire                  7


   Skills:
 + Level 14.2(19.2) Fighting
 - Level 18.0(23.0) Maces & Flails
 + Level 14.2(19.2) Armour
   Level 3.6(8.6) Shields


You had 12 spell levels left.
You didn't know any spells.

Dungeon Overview and Level Annotations

Branches:
Dungeon (11/15)            Temple (1/1) D:4             Orc (0/4) D:10
   Lair (7/8) D:9          Shoals (0/5) Lair:5       Spider (0/5) Lair:3
  Slime (0/6) Lair:7

Altars:
Fedhas
Kikubaaqudgha
Okawaru
Vehumet
Yredelemnul

Shops:
D:4 [

Annotations:
D:9 exclusion: statue
Lair:3 exclusion: oklob plant
Lair:7 Fannar


Innate Abilities, Weirdness & Mutations

You reflexively headbutt those who attack you in melee.
You have a pair of horns on your head.


Message History

The death yak gores you!
* * * LOW HITPOINT WARNING * * *
You closely miss the yak. You closely miss the yak. You headbutt the yak!
The yak is lightly wounded.
The death yak gores you but does no damage.
Unknown command.
Drink which item? (? for menu, Esc to quit)
You feel better. The yak gores you but does no damage. The death yak gores you!
* * * LOW HITPOINT WARNING * * *
Drink which item? (? for menu, Esc to quit)
You fade into invisibility!
The yak gores you.
* * * LOW HITPOINT WARNING * * *
The death yak gores you but does no damage.
You are very lightly contaminated with residual magic.
Drink which item? (? for menu, Esc to quit)
You feel very mighty all of a sudden. The yak gores you but does no damage.
The death yak gores you!
You die...

.............. .
................ ....
.......Pf...............
.......#.........#.......
ff.....#..................
.......P...............Y...
................#Y.........
.......##.......Y#.........
f......f#.......@#Y.Y....Y..
.......f#.......#YY.........
.......P.........#.........Y
...........................
................#..........
..)....#................f..
................#.......ff
.......................#f
.......#..........#P...f.


You could see a death yak and 3 yaks.

Vanquished Creatures
  5 hydras
  A hill giant (D:10)
  A death yak (Lair:7)
  A cyclops (D:11)
  An oklob plant (Lair:6)
  The ghost of Kae the Basher, an experienced MiFi of Okawaru (D:4)
  The ghost of Kae the Basher, an experienced MiFi (Sewer)
  A feature mimic (D:8)
  3 black mambas
  4 elephants (Lair:5)
  2 gargoyles
  13 spiny frogs
  2 queen ants
  Grinder (D:5)
  A troll (D:10)
  A fire drake (Lair:3)
  5 komodo dragons
  Prince Ribbit (D:7)
  9 blink frogs
  2 grizzly bears
  13 yaks
  A basilisk (Lair:1)
  13 hippogriffs
  A snapping turtle (Lair:5)
  A wyvern (D:10)
  2 hungry ghosts
  Edmund (D:5)
  Menkaure (D:7)
  11 water moccasins
  3 giant goldfish (Lair:2)
  2 sky beasts
  5 orc warriors
  A manticore zombie (D:11)
  11 porcupines
  A deep dwarf (D:8)
  7 crocodiles
  25 soldier ants
  2 ice beasts
  4 phantoms
  3 ogres
  5 centaurs
  12 big kobolds
  7 wolves
  4 giant slugs
  2 sharks (Lair:2)
  Blork the orc (D:5)
  18 giant frogs
  2 scorpions
  3 killer bees (D:9)
  A jelly (D:11)
  15 wights
  2 crimson imps
  An elf zombie (D:11)
  2 goliath beetles
  A quasit (D:9)
  4 big fish
  56 worker ants
  4 electric eels (Lair:2)
  9 orc wizards
  4 orc priests
  A kobold skeleton (D:11)
  7 iguanas
  8 hounds
  25 sheep
  A mummy (D:7)
  9 gnolls
  18 adders
  78 green rats
  A worm zombie (D:9)
  A giant mite (D:4)
  2 goliath beetle zombies
  A shadow imp (D:5)
  4 worms
  An adder zombie (D:5)
  A giant eyeball (D:5)
  11 giant geckos
  2 oozes
  35 orcs
  A ball python (D:1)
  A bat skeleton (D:5)
  17 hobgoblins
  18 jackals
  12 quokkas
  23 bats
  5 giant cockroaches
  A giant gecko skeleton (D:7)
  A giant gecko zombie (D:7)
  4 giant newts
  11 goblins
  A hobgoblin zombie (D:7)
  69 kobolds
  2 kobold zombies (D:5)
  28 rats
  A rat skeleton (D:6)
  A ballistomycete (D:11)
719 creatures vanquished.

Vanquished Creatures (others)
  A giant spore (D:11)
  8 fungi
9 creatures vanquished.

Grand Total: 728 creatures vanquished

Notes
Turn   | Place    | Note
--------------------------------------------------------------
     0 | D:1      | Kae, the Minotaur Fighter, began the quest for the Orb.
     0 | D:1      | Reached XP level 1. HP: 19/19 MP: 1/1
   111 | D:1      | Reached XP level 2. HP: 20/26 MP: 1/1
   467 | D:2      | Reached skill level 4 in Maces & Flails
   639 | D:2      | Reached XP level 3. HP: 27/31 MP: 2/2
  1104 | D:3      | Reached skill level 5 in Maces & Flails
  1202 | D:3      | Reached XP level 4. HP: 39/39 MP: 2/2
  1786 | D:4      | Reached skill level 6 in Maces & Flails
  1845 | D:4      | Found a staircase to the Ecumenical Temple.
  1865 | D:4      | Reached XP level 5. HP: 26/45 MP: 2/2
  1867 | Temple   | Entered the Ecumenical Temple
  1892 | Temple   | Became a worshipper of Warmaster Okawaru
  1961 | D:4      | Found a glowing drain.
  1999 | Sewer    | Entered a sewer
  2022 | Sewer    | Noticed Kae's ghost (experienced MiFi)
  2036 | Sewer    | Killed Kae's ghost
  2036 | Sewer    | Reached skill level 8 in Maces & Flails
  2036 | Sewer    | Reached XP level 6. HP: 23/51 MP: 3/3
  2202 | Sewer    | Reached skill level 9 in Maces & Flails
  2253 | Sewer    | Reached XP level 7. HP: 50/57 MP: 3/3
  2301 | Sewer    | Found a white marble altar of Elyvilon.
  2432 | D:4      | Found a blossoming altar of Fedhas.
  2432 | D:4      | Noticed Kae's ghost (experienced MiFi)
  2440 | D:4      | Killed Kae's ghost
  2440 | D:4      | Acquired Okawaru's first power
  2440 | D:4      | Reached skill level 10 in Maces & Flails
  2562 | D:4      | Noticed a phantom
  2580 | D:4      | Killed a phantom
  2580 | D:4      | Reached skill level 11 in Maces & Flails
  2597 | D:4      | Found Klidaj's Antique Armour Shop.
  2640 | D:4      | Reached XP level 8. HP: 56/64 MP: 3/3
  2826 | D:5      | Entered Level 5 of the Dungeon
  2895 | D:5      | Noticed Grinder
  2905 | D:5      | Gained mutation: You have a slow metabolism. [potion of beneficial mutation]
  2906 | D:5      | Lost mutation: You have a slow metabolism. [potion of mutation]
  2906 | D:5      | Gained mutation: You have an increased reservoir of magic (+10% MP). [potion of mutation]
  2906 | D:5      | Gained mutation: You are partially covered in thin metallic scales (AC +2). [potion of mutation]
  2908 | D:5      | Lost mutation: You have an increased reservoir of magic (+10% MP). [potion of cure mutation]
  2908 | D:5      | Lost mutation: You are partially covered in thin metallic scales (AC +2). [potion of cure mutation]
  2911 | D:5      | Paralysed by Grinder for 2 turns
  2925 | D:5      | Killed Grinder
  2925 | D:5      | Reached skill level 12 in Maces & Flails
  2957 | D:5      | Noticed Edmund
  2984 | D:5      | Killed Edmund
  3439 | D:5      | Noticed Blork the orc
  3451 | D:5      | Killed Blork the orc
  3933 | D:5      | Paralysed by a giant eyeball for 3 turns
  3960 | D:5      | Reached skill level 13 in Maces & Flails
  4046 | D:5      | Reached XP level 9. HP: 62/70 MP: 4/4
  4175 | D:5      | Reached skill level 14 in Maces & Flails
  5275 | D:7      | Noticed Prince Ribbit
  5289 | D:7      | Killed Prince Ribbit
  5289 | D:7      | Reached skill level 15 in Maces & Flails
  5528 | D:7      | Noticed Menkaure
  5537 | D:7      | Killed Menkaure
  5647 | D:7      | Reached skill level 16 in Maces & Flails
  6131 | D:7      | Reached XP level 10. HP: 41/77 MP: 4/4
  7341 | D:9      | Reached skill level 17 in Maces & Flails
  8009 | D:9      | Found a staircase to the Lair.
  8194 | D:9      | Found a radiant altar of Vehumet.
  8338 | D:10     | Entered Level 10 of the Dungeon
  8338 | D:10     | Noticed a hill giant
  8348 | D:10     | Killed a hill giant
  8348 | D:10     | Reached skill level 18 in Maces & Flails
  9056 | D:10     | Found an iron altar of Okawaru.
  9196 | D:10     | Acquired Okawaru's second power
  9256 | D:10     | Found a staircase to the Orcish Mines.
  9301 | D:10     | Reached skill level 5 in Fighting
  9473 | D:10     | Reached skill level 5 in Armour
  9887 | D:11     | Reached XP level 11. HP: 79/88 MP: 4/4
 10815 | D:11     | Noticed a cyclops
 10858 | D:11     | Killed a cyclops
 11214 | D:11     | Noticed a six-headed hydra
 11225 | D:11     | Killed a six-headed hydra
 11291 | Lair:1   | Entered Level 1 of the Lair of Beasts
 11674 | Lair:1   | Noticed a four-headed hydra
 11682 | Lair:1   | Killed a four-headed hydra
 11888 | Lair:1   | Received a gift from Okawaru
 12086 | Lair:1   | Found an ancient bone altar of Kikubaaqudgha.
 14362 | Lair:2   | Noticed a four-headed hydra
 14372 | Lair:2   | Killed a four-headed hydra
 14372 | Lair:2   | Reached skill level 10 in Fighting
 14372 | Lair:2   | Reached skill level 10 in Armour
 14372 | Lair:2   | Reached XP level 12. HP: 56/106 MP: 2/5
 16218 | Lair:3   | Found a basalt altar of Yredelemnul.
 16731 | Lair:3   | Found a hole to the Spider Nest.
 18115 | Lair:5   | Found a staircase to the Shoals.
 18673 | Lair:5   | Received a gift from Okawaru
 18674 | Lair:5   | Got a polished great mace {god gift}
 18698 | Lair:5   | Identified the +0,+1 great mace of Thikyjol {freeze, +Inv rF+ Str-3} (Okawaru gifted it to you on level 5 of the Lair of Beasts)
 18855 | Lair:2   | Gained mutation: You can translocate small distances at will. [potion of mutation]
 18855 | Lair:2   | Gained mutation: Your body is slowly deteriorating. [potion of mutation]
 18855 | Lair:2   | Gained mutation: Your vision is a little blurry. [potion of mutation]
 18856 | Lair:2   | Lost mutation: Your body is slowly deteriorating. [potion of cure mutation]
 18856 | Lair:2   | Lost mutation: Your vision is a little blurry. [potion of cure mutation]
 18856 | Lair:2   | Lost mutation: You can translocate small distances at will. [potion of cure mutation]
 19709 | Lair:5   | Reached XP level 13. HP: 37/122 MP: 5/5
 21432 | Lair:6   | Found a basalt altar of Yredelemnul.
 21551 | Lair:6   | Received a gift from Okawaru
 22385 | Lair:7   | Noticed Fannar
 22403 | Lair:7   | Found a staircase to the Slime Pits.
 22499 | Lair:7   | Slain by a death yak

Action                   |  1- 3 |  4- 6 |  7- 9 | 10-12 | 13-15 || total
-------------------------+-------+-------+-------+-------+-------++-------
Melee: Flail             |   120 |    92 |   491 |   400 |       ||  1103
       Dire flail        |       |       |       |   795 |   343 ||  1138
Invok: Heroism           |       |       |     1 |     5 |     2 ||     8
 Abil: Evoke Berserk Rag |       |       |     2 |       |       ||     2
Evoke: Wand              |       |       |       |     7 |     2 ||     9
  Use: Scroll            |     8 |       |     2 |    17 |     1 ||    28
       Potion            |       |     1 |    12 |     8 |     6 ||    27
 Stab: Invisible         |       |       |       |       |    11 ||    11
